AoeStats
← Random

African Clearing

504603494Analyzed
4v4 RM · 27d ago on Sep 5, 2026· 35m 27s· 8 players
Game mode
Random Map
Map size
Large (8 player)
Population
200
Speed
Normal
Resources
Standard
Victory
Conquest
Starting age
Dark Age
Ending age
Imperial Age
RankedLock teamsTeams togetherTeam positionsShared explorationLock speedFull tech treeHidden civsTurbo modeCheats
Victory
Defeat
🇦🇷 Vietnamese · Argentina
1685
+12
🇺🇸 Britons · United States
1576
+16
🇵🇪 Tupi · Peru
1570
+16
🇦🇷 Gurjaras · Argentina
1517
+19
🇹🇷 Chinese · Türkiye
1620
-17
🇩🇪 Georgians · Germany
1614
-17
🇬🇧 Berbers · United Kingdom
1577
-16
🇹🇷 Berbers · Türkiye
1520
-13
The_OFLi
4:49 Loom
12:05 Feudal Age
12:36 Double-Bit Axe
16:00 Fletching
22:54 Wheelbarrow
23:10 Stone Mining
25:57 Castle Age
23:55 Gold Mining
26:16 Padded Archer Armor
26:27 Bloodlines
26:34 Bodkin Arrow
27:02 Husbandry
27:19 Leather Archer Armor
28:46 Ballistics
32:39 Thumb Ring
darkwwww2015
12:42 Feudal Age
16:54 Castle Age
15:10 Double-Bit Axe
15:48 Loom
18:29 Scale Barding Armor
19:58 Wheelbarrow
19:45 Bow Saw
19:19 Horse Collar
20:06 Forging
AVCI
3:20 Loom
13:22 Feudal Age
15:31 Double-Bit Axe
18:05 Castle Age
16:38 Fletching
17:51 Horse Collar
19:59 Wheelbarrow
23:17 Bodkin Arrow
24:02 Crossbowman
27:29 Padded Archer Armor
33:23 Ballistics
36:27 Imperial Age
34:38 Leather Archer Armor
34:49 Thumb Ring
Joker
11:05 Loom
12:50 Feudal Age
18:03 Castle Age
24:22 Scale Barding Armor
28:05 Husbandry
29:03 Chain Barding Armor
29:00 Bloodlines
Random
10:40 Feudal Age
10:23 Loom
11:44 Double-Bit Axe
14:24 Fletching
14:58 Horse Collar
15:19 Padded Archer Armor
15:10 Gold Mining
21:38 Castle Age
21:42 Crossbowman
22:18 Bodkin Arrow
22:34 Bow Saw
22:24 Heavy Plow
23:05 Forging
23:10 Scale Barding Armor
27:04 Wheelbarrow
26:17 Town Watch
26:48 Leather Archer Armor
28:30 Town Patrol
28:55 Ballistics
[TOX2] A-c-Syno-666
8:50 Loom
11:20 Feudal Age
11:57 Double-Bit Axe
13:06 Forging
20:28 Castle Age
18:54 Scale Barding Armor
19:32 Gold Mining
20:13 Bloodlines
23:32 Horse Collar
24:21 Bow Saw
24:42 Husbandry
26:20 Wheelbarrow
27:33 Iron Casting
28:37 Heavy Plow
28:37 Town Watch
31:07 Chain Barding Armor
34:15 Stone Mining
Xander
13:13 Feudal Age
14:13 Double-Bit Axe
17:04 Castle Age
15:46 Stone Mining
18:14 Bow Saw
18:00 Fletching
21:01 Bodkin Arrow
28:43 Wheelbarrow
28:30 Horse Collar
29:43 Ballistics
35:21 Imperial Age
33:08 Hand Cart
34:40 Gold Mining
34:51 Heavy Plow
35:15 Town Watch
35:16 Loom
35:36 Padded Archer Armor
36:02 Bracer
Rainbowlucho
9:04 Loom
10:57 Feudal Age
11:56 Double-Bit Axe
11:52 Horse Collar
13:27 Wheelbarrow
16:03 Fletching
17:01 Padded Archer Armor
26:04 Castle Age
26:53 Bodkin Arrow
27:16 Hand Cart
27:13 Bow Saw
31:00 Leather Archer Armor
31:30 Ballistics
32:37 Scale Barding Armor
32:42 Loom
34:26 Husbandry
Connection lost

Rejoining the realm…

Still unreachable

The connection could not be restored.

Session expired

The server has moved on; the page needs a fresh start.